 Dungeon Crawl Stone Soup version 0.20.0-15-g7f486f2 (console) character file.

4909 removed the Nimble (level 10, -6/53 HPs)
             Began as a Spriggan Necromancer on June 9, 2017.
             Was a Believer of Ru.
             Mangled by a manticore (12 damage)
             ... on level 9 of the Dungeon.
             The game lasted 00:21:00 (14104 turns).

removed the Nimble (Spriggan Necromancer)          Turns: 14104, Time: 00:21:00

Health: -6/53      AC:  7    Str:  4    XL:     10   Next: 27%
Magic:  12/24      EV: 26    Int: 20    God:    Ru [**....]
Gold:   530        SH:  0    Dex: 17    Spells: 22/28 levels left

rFire    . . .     SeeInvis +   a - +5 flail (holy)
rCold    . . .     Gourm    .   (shield restricted)
rNeg     . . .     Faith    .   N - +2 robe
rPois    .         Spirit   .   A - +2 hat
rElec    .         Reflect  .   H - +0 cloak
rCorr    .         Harm     .   (gloves unavailable)
MR       +....                  (boots unavailable)
Stlth    ++........             I - amulet of magic regeneration
Regen    0.2/turn               j - ring of wizardry
MPRegen  0.3/turn               (no ring)

@: lethally poisoned (-6 -> -38), drained, very quick
A: unfitting armour, see invisible, herbivore 3, speed 3, slow metabolism 2,
inability to use devices
a: Renounce Religion


You were on level 9 of the Dungeon.
You worshipped Ru.
Ru was pleased with you.
You were not hungry.

You visited 1 branch of the dungeon, and saw 9 of its levels.
You also visited: Sewer and Ossuary.

You collected 530 gold pieces.

Inventory:

Hand Weapons
 a - a +5 flail of holy wrath (weapon)
 g - a +0 blowgun
 E - a +1 flail of crushing
 M - a +0 whip of freezing
 V - a +2 broad axe of freezing
Missiles
 y - 83 poisoned needles
 G - 2 throwing nets (quivered)
Armour
 A - a +2 hat (worn)
 H - a +0 cloak (worn)
 N - a +2 robe (worn)
Magical Staves
 b - an uncursed staff of death
Jewellery
 j - a ring of wizardry (left hand)
 I - an amulet of magic regeneration (around neck)
 K - an uncursed ring of fire
Wands
 m - a wand of digging (8/24)
 u - a wand of lightning (5/15)
Scrolls
 h - a scroll of blinking
 i - 5 scrolls of remove curse
 l - 4 scrolls of fog
 p - a scroll of noise
 q - 2 scrolls of magic mapping
 t - 5 scrolls of immolation
 v - 3 scrolls of teleportation
 D - 2 scrolls of enchant weapon
 S - a scroll of recharging {unknown}
 U - a scroll of identify
 W - a scroll of amnesia {unknown}
Potions
 e - 6 potions of might
 f - 4 potions of haste
 k - 9 potions of heal wounds
 n - 3 potions of flight
 s - 2 potions of agility
 x - 4 potions of curing
 B - 2 potions of magic
 F - 3 potions of lignification
 L - a potion of cancellation {unknown}
 P - a potion of invisibility {unknown}
 Q - 2 potions of ambrosia {unknown}
 R - a potion of degeneration {unknown}
Books
 w - the Compendium of Dark Displacement
   (You found it on level 4 of the Dungeon)

   Spells                             Type                      Level
   a - Shroud of Golubria             Charms/Translocation         2
   b - Lesser Beckoning               Translocation                3
   c - Control Undead                 Necromancy                   4
   d - Agony                          Necromancy                   5
   e - Death Channel                  Necromancy                   6
 z - a book of Necromancy

   Spells                             Type                      Level
   a - Pain                           Necromancy                   1
   b - Animate Skeleton               Necromancy                   1
   c - Vampiric Draining              Necromancy                   3
   d - Regeneration                   Charms/Necromancy            3
   e - Animate Dead                   Necromancy                   4
   f - Control Undead                 Necromancy                   4
 O - a book of Misfortune

   Spells                             Type                      Level
   a - Confusing Touch                Hexes                        1
   b - Confuse                        Hexes                        3
   c - Gell's Gravitas                Translocation                3
   d - Petrify                        Transmutation/Earth          4
   e - Metabolic Englaciation         Hexes/Ice                    5
   f - Yara's Violent Unravelling     Hexes/Transmutation          5
 T - a book of Minor Magic

   Spells                             Type                      Level
   a - Magic Dart                     Conjuration                  1
   b - Blink                          Translocation                2
   c - Call Imp                       Summoning                    2
   d - Slow                           Hexes                        2
   e - Conjure Flame                  Conjuration/Fire             3
   f - Mephitic Cloud                 Conjuration/Poison/Air       3
Comestibles
 c - 3 bread rations
 d - 2 royal jellies
 o - 7 fruits


   Skills:
 + Level 6.2(5.8) Fighting
 + Level 10.8(10.3) Dodging
 - Level 3.0(2.6) Stealth
 - Level 9.5(9.1) Spellcasting
 - Level 8.1(7.6) Necromancy


You had 22 spell levels left.
You knew the following spells:

 Your Spells              Type           Power        Failure   Level  Hunger
a - Pain                  Necr           ####         1%          1    None
b - Vampiric Draining     Necr           #####.....   1%          3    None
l - Blink                 Tloc           N/A          4%          2    None


Dungeon Overview and Level Annotations

Branches:
Dungeon (9/15)             Temple (0/1) D:6
   Lair: D:8-11         Orc: D:9-12

Altars:
Dithmenos
Hepliaklqana
Nemelex Xobeh
Ru
Trog
Uskayaw

Shops:
D:7 (


Innate Abilities, Weirdness & Mutations

You are very small and have problems with some larger weapons.
You are too small for most types of armour.
You have supernaturally acute eyesight. (SInv)
You are a herbivore.
You cover ground extremely quickly.
You need consume almost no food.
You cannot study or use magical devices.


Message History

Press: ? - help, Shift-Dir - straight line, f/p - manticore
Aim: a manticore (moderately wounded)
The manticore is heavily wounded.
You feel life coursing into your body. The manticore bites you.
* * * LOW HITPOINT WARNING * * *
The manticore misses you. x2
Casting: Vampiric Draining
Confirm with . or Enter, or press ? or * to list all spells.
Aiming: Vampiric Draining
Press: ? - help, Shift-Dir - straight line, f/p - manticore
Aim: a manticore (heavily wounded)
The manticore is severely wounded.
You feel life coursing into your body. The wolf spider completely misses you.
The wolf spider bites you.
* * * LOW HITPOINT WARNING * * *
You are lethally poisoned!
The wolf spider poisons you! The manticore bites you!
* * * LOW HITPOINT WARNING * * *
The manticore claws you!
You die...

#...# #.#....##.##
###...# #.#.._.#$..8
#.....# #.#....#$...
## #.....#
#.#....#$...
.###.....####.#.._.#
............).#....#
.#####...##.#.#YFY⌠#
.#
######.#.##H#####..
.# #.#..†@s......
.#######
#.#.........#.
.......#
#.#...........
.#####.#
..#.........## .#
.###...[..<## .# #
##.....## .# ##...##
.# ##### ##


You could see a wolf spider, a manticore, 2 yaks and a bullfrog.

Vanquished Creatures
  Pikel (D:5)
  The ghost of murphy the Geomancer, a novice DDEE (D:6)
  Prince Ribbit (D:7)
  Eustachio (D:5)
  A steam dragon (D:8)
  A water moccasin (D:6)
  Duvessa (D:5)
  A black bear (D:8)
  2 ice beasts
  2 phantoms
  4 ogres
  3 centaurs
  An elf zombie (Ossuary)
  2 big kobolds (Sewer)
  4 bullfrogs
  A gnoll sergeant (D:7)
  Dowan (D:5)
  2 scorpions
  5 killer bees (D:7)
  7 wights
  A howler monkey (D:5)
  An electric eel (D:7)
  3 crimson imps
  A bullfrog zombie (D:5)
  A centaur zombie (Ossuary)
  3 hounds
  A quasit (D:8)
  3 orc priests
  A human zombie (Ossuary)
  Ijyb (D:3)
  Terence (D:2)
  5 orc wizards
  2 iguanas
  5 worker ants
  A big kobold zombie (Ossuary)
  2 hound skeletons
  A hound zombie (D:3)
  2 mummies (Ossuary)
  A worker ant zombie (D:9)
  11 adders
  7 gnolls
  A river rat (D:4)
  4 shadow imps
  2 oozes
  2 adder zombies (Ossuary)
  A worm zombie (D:5)
  3 adder skeletons
  4 worms
  2 dart slugs
  5 leopard geckos
  23 orcs
  6 ball pythons
  10 bats
  11 giant cockroaches
  11 goblins
  12 hobgoblins
  4 jackals (D:6)
  4 quokkas
  5 frilled lizards
  3 goblin zombies (Ossuary)
  4 hobgoblin zombies (Ossuary)
  A jackal zombie (Ossuary)
  23 kobolds
  8 kobold zombies (Ossuary)
  A leopard gecko skeleton (D:5)
  14 orc zombies (Ossuary)
  8 rats
  2 rat zombies
270 creatures vanquished.

Notes
Turn   | Place    | Note
-------+----------+-------------------------------------------
     0 | D:1      | removed the Spriggan Necromancer began the quest for the Orb.
     0 | D:1      | Reached XP level 1. HP: 9/9 MP: 5/5
   388 | D:1      | Reached XP level 2. HP: 6/13 MP: 0/7
  1406 | D:1      | Reached XP level 3. HP: 15/16 MP: 7/9
  2184 | D:2      | Noticed Terence
  2557 | D:2      | Killed Terence
  2557 | D:2      | Reached XP level 4. HP: 12/21 MP: 2/11
  3130 | D:2      | Found a sacrificial altar of Ru.
  3172 | D:2      | Became a worshipper of Ru the Awakened
  3696 | D:3      | Reached XP level 5. HP: 18/24 MP: 7/13
  3811 | D:3      | Found a bloodstained altar of Trog.
  4039 | D:3      | Noticed Ijyb
  4060 | D:3      | Reached skill level 5 in Spellcasting
  4165 | D:3      | Killed Ijyb
  4165 | D:3      | Reached skill level 5 in Necromancy
  4297 | D:3      | Learned a level 3 spell: Vampiric Draining
  4540 | D:4      | Gained mutation: You cannot study or use magical devices. [Ru sacrifice]
  4540 | D:4      | Reached * piety under Ru
  4540 | D:4      | Reached ** piety under Ru
  4924 | D:4      | Identified the Compendium of Dark Displacement
  4929 | D:4      | Found a glowing drain.
  4939 | D:4      | Reached XP level 6. HP: 25/28 MP: 12/15
  5033 | Sewer    | Entered a sewer
  6207 | D:4      | Reached XP level 7. HP: 30/32 MP: 18/18
  6767 | D:5      | Entered Level 5 of the Dungeon
  6767 | D:5      | Found a sand-covered staircase.
  6850 | Ossuary  | Entered an ossuary
  7175 | Ossuary  | Reached skill level 1 in Fighting
  7360 | Ossuary  | Reached skill level 4 in Dodging
  7934 | D:5      | Noticed Duvessa
  7936 | D:5      | Noticed Dowan
  7941 | D:5      | Killed Duvessa
  7941 | D:5      | Reached XP level 8. HP: 32/38 MP: 12/20
  7954 | D:5      | Killed Dowan
  8195 | D:5      | Noticed Eustachio
  8237 | D:5      | Killed Eustachio
  8248 | D:5      | Noticed Pikel
  8751 | D:5      | Killed Pikel
  9155 | D:6      | Found a staircase to the Ecumenical Temple.
  9426 | D:6      | Noticed murphy's ghost (novice DDEE)
  9432 | D:6      | Reached skill level 5 in Dodging
  9439 | D:6      | Reached XP level 9. HP: 34/42 MP: 16/23
  9667 | D:6      | Killed murphy's ghost
  9667 | D:6      | Reached skill level 6 in Dodging
 10276 | D:6      | Reached skill level 7 in Dodging
 10636 | D:7      | Found a shadowy altar of Dithmenos.
 10636 | D:7      | Found a hazy altar of Hepliaklqana.
 10820 | D:7      | Reached skill level 8 in Dodging
 11031 | D:7      | Learned a level 2 spell: Blink
 11239 | D:7      | Reached skill level 9 in Dodging
 11457 | D:7      | Found Cykhlemme's Weapon Boutique.
 11638 | D:7      | Reached skill level 5 in Fighting
 11887 | D:7      | Noticed Prince Ribbit
 11899 | D:7      | Killed Prince Ribbit
 12341 | D:8      | Reached XP level 10. HP: 43/51 MP: 19/24
 12504 | D:8      | Reached skill level 10 in Dodging
 14089 | D:9      | Found a hide-covered altar of Uskayaw.
 14089 | D:9      | Found a sparkling altar of Nemelex Xobeh.
 14090 | D:9      | Noticed a wolf spider
 14090 | D:9      | Noticed a manticore
 14104 | D:9      | Mangled by a manticore

Skill      XL: |  1  2  3  4  5  6  7  8  9 10 |
---------------+-------------------------------+-----
Spellcasting   | 3 4 5 6 7 9 |  9.5
Necromancy     | 4 5 6 8 |  8.1
Fighting       | 1 2 5 6 |  6.2
Dodging        | 4 5 9 10 | 10.8
Stealth        | |  3.0

Action                   |  1- 3 |  4- 6 |  7- 9 | 10-12 || total
-------------------------+-------+-------+-------+-------++-------
Melee: Flail             |       |    33 |   237 |    70 ||   340
 Cast: Pain              |    82 |   174 |   199 |    56 ||   511
       Vampiric Draining |       |     1 |    12 |    12 ||    25
Invok: Sacrifice Artific |       |     1 |       |       ||     1
       Reject Sacrifices |       |       |     1 |       ||     1
  Use: Scroll            |       |       |    16 |       ||    16
       Potion            |       |       |     1 |       ||     1
 Stab: Sleeping          |       |     2 |     1 |     1 ||     4
       Distracted        |       |       |     1 |       ||     1
  Eat: Bread ration      |       |     1 |     1 |       ||     2
Armor: Robe              |     1 |     3 |    38 |     5 ||    47
Dodge: Dodged            |    20 |    52 |   315 |   136 ||   523
